Map: 凯罗斯中转站-天梯版

Players

StriKE

  • Race: Terran Terran
  • League: Grandmaster

MaNa - Winner!

  • Race: Protoss Protoss
  • League: Master

Event: WESG 2018 Grand Finals

VOD

Have the link to the VOD?

Description

Time

  • Played on: March 11, 2019, 1:49 a.m.
  • Length: 9:23

All games in this series

Show
View Real Time Build Order
Export as new Build Order

StriKE Terran 

Build Orders:  

Get SALT Encoding   

  12  0:00  SCV  
  13  0:12  SCV  
  14  0:17  Supply Depot  
  14  0:25  SCV  
  15  0:38  SCV  
  15  0:40  Barracks  
  16  0:44  Refinery  
  16  0:50  SCV  
  17  1:02  SCV  
  18  1:17  SCV  
  19  1:28  Marine  
  20  1:39  Command Center  
  20  1:42  Orbital Command  
  20  1:46  Barracks Reactor  
  20  2:04  Supply Depot  
  20  2:09  SCV  
  20  2:15  Barracks  
  21  2:21  SCV  
  22  2:24  Marine  
  22  2:25  Marine  
  24  2:31  Barracks  
  24  2:35  SCV  
  25  2:42  Marine  
  25  2:43  Reaper  
  27  2:47  SCV  
  27  2:50  Orbital Command  
  28  2:59  Marine  
  28  3:03  Barracks Tech Lab  
  29  3:07  Bunker  
  29  3:09  SCV  
  30  3:19  Marine x2  
  32  3:20  Barracks Tech Lab  
  31  3:39  Marauder, Combat Shield  
  31  3:40  Marauder, Stimpack  
  35  3:49  SCV x2  
  35  3:52  Supply Depot  
  35  3:53  Marine x2  
  39  4:01  SCV x2  
  41  4:04  Marauder x2  
  42  4:22  SCV x2  
  42  4:24  Marine  
  45  4:25  Marauder  
  46  4:38  Supply Depot  
  46  4:39  SCV x2  
  46  4:40  Engineering Bay, Marauder, Marine  
  46  4:42  Marine  
  52  4:46  Marine  
  52  4:49  Supply Depot  
  52  4:51  SCV  
  54  4:55  Supply Depot  
  54  4:59  Concussive Shells, Marine  
  54  5:00  Marine, SCV  
  54  5:03  SCV  
  54  5:04  Marauder  
  60  5:11  Missile Turret x2  
  57  5:17  Marauder, Marine  
  60  5:24  Marine  
  60  5:25  Marauder  
  60  5:28  SCV  
  64  5:39  Marauder  
  64  5:40  Marine  
  64  5:41  SCV  
  64  5:42  Marine  
  65  5:49  Marauder  
  67  5:58  Marine  
  64  6:07  Command Center  
  64  6:08  Refinery  
  64  6:09  Refinery  
  64  6:10  Marauder, Marine  
  64  6:11  Marauder  
  69  6:13  SCV  
  69  6:15  Terran Infantry Weapons Level 1  
  69  6:17  SCV  
  71  6:18  Supply Depot x2  
  71  6:25  SCV  
  72  6:28  Marine  
  72  6:29  SCV  
  72  6:32  Marauder  
  76  6:37  Marauder  
  78  6:40  Marine, SCV  
  78  6:41  Bunker  
  78  6:46  SCV  
  80  6:52  SCV  
  81  6:54  Refinery  
  81  6:56  Barracks  
  81  6:57  Barracks  
  81  6:58  Factory, SCV  
  82  7:08  Marine  
  82  7:09  Marauder, Marine  
  88  7:15  Marauder  
  82  7:26  Marine x2  
  81  7:30  Marauder  
  73  7:37  Marauder  
  73  7:41  SCV x2  
  51  7:44  Marine x2  
  33  7:52  Marauder  
  33  7:53  SCV x2  
  39  7:58  Marauder  
  39  8:02  Marine x2  
  39  8:05  SCV  
  42  8:09  Bunker  
  42  8:13  Marauder  
  42  8:14  Starport  
  42  8:19  Marauder, Marine  
  46  8:20  Marine x2  
  49  8:29  Widow Mine  
  49  8:32  SCV x2  
  49  8:33  Marine  
  54  8:34  Marine  
  54  8:37  Marine  
  56  8:44  SCV x2  
  56  8:45  Orbital Command  
  58  8:50  Medivac  
  60  8:56  Factory Reactor  
Show
View Real Time Build Order
Export as new Build Order

MaNa Protoss - Winner!

Build Orders: 1 Gate Expand, Oracle Opening 

Get SALT Encoding   

  12  0:00  Probe  
  13  0:12  Probe  
  14  0:17  Pylon  
  14  0:23  Probe  
  15  0:32  Probe  
  15  0:39  Gateway  
  15  0:40  Probe  
  17  0:50  Assimilator  
  17  0:51  Probe  
  18  0:59  Probe  
  19  1:07  Probe  
  20  1:26  Nexus  
  20  1:36  Cybernetics Core  
  20  1:39  Probe  
  21  1:44  Assimilator  
  21  1:51  Probe  
  22  1:56  Pylon  
  22  2:03  Probe  
  23  2:12  Adept  
  25  2:15  Probe  
  26  2:23  Stargate  
  26  2:28  Probe  
  26  2:29  Warp Gate  
  27  2:34  Adept  
  27  2:37  Probe  
  27  2:40  Probe  
  31  2:49  Probe  
  32  2:52  Probe  
  32  2:57  Oracle  
  33  3:01  Probe  
  33  3:04  Adept, Probe  
  40  3:13  Probe  
  40  3:16  Probe  
  42  3:21  Pylon  
  42  3:26  Probe  
  43  3:28  Probe  
  44  3:38  Probe  
  44  3:40  Probe  
  44  3:41  Pylon  
  46  3:42  Oracle  
  46  3:47  Gateway  
  49  3:48  Gateway  
  49  3:50  Probe  
  49  3:52  Probe  
  51  3:56  Pylon  
  51  4:02  Probe  
  51  4:05  Probe  
  51  4:14  Probe  
  51  4:17  Probe  
  51  4:18  Adept  
  53  4:26  Probe  
  53  4:29  Probe  
  54  4:31  Robotics Facility  
  53  4:38  Probe  
  53  4:41  Sentry  
  53  4:42  Sentry, Probe  
  53  4:43  Zealot  
  60  4:45  Shield Battery  
  60  4:49  Assimilator  
  60  4:50  Probe, Assimilator  
  61  4:54  Probe  
  61  4:56  Shield Battery  
  61  4:59  Pylon  
  62  5:02  Probe  
  62  5:04  Zealot  
  62  5:06  Probe  
  66  5:09  Immortal  
  66  5:14  Probe  
  71  5:23  Twilight Council  
  71  5:24  Forge  
  71  5:26  Adept  
  73  5:31  Zealot  
  75  5:37  Probe x2  
  77  5:47  Pylon  
  77  5:52  Pylon  
  77  5:56  Immortal, Protoss Ground Armor Level 1, Charge  
  77  6:04  Probe  
  78  6:08  Gateway  
  78  6:09  Sentry, Zealot  
  86  6:18  Probe  
  86  6:19  Probe  
  88  6:28  Warp Prism  
  88  6:29  Nexus  
  88  6:30  Pylon  
  87  6:35  Robotics Bay  
  89  6:40  Sentry  
  89  6:41  Sentry  
  93  6:49  Pylon  
  93  6:55  Pylon  
  93  7:01  Nexus  
  91  7:23  Colossus  
  91  7:31  Zealot x4  
  81  7:46  Probe  
  74  7:52  Probe  
  74  7:55  Pylon  
  75  8:00  Zealot x4  
  83  8:11  Shield Battery  
  83  8:18  Probe x3, Immortal  
  90  8:29  Zealot x4  
  90  8:33  Probe x2  
  97  8:38  Gateway  
  97  8:43  Gateway  
  97  8:44  Gateway  
  97  8:50  Sentry x3  
  97  8:51  Sentry  
  91  9:13  Zealot x4  
Tags
 
Add a new tag
Caveats
  • Supply blocks, unpowered buildings, or Contaminate may cause inaccurate times.
  • Supply counts are checked every 10 seconds.